 Dungeon Crawl Stone Soup version 0.30-a0-743-gbfdf073431 (webtiles) character file.

Game seed: 3827393756042098627

209 hikkokomori the Sneak (level 5, -4/25 HPs)
             Began as a Spriggan Air Elementalist on Feb 5, 2023.
             Splashed by a jelly's acid (11 damage)
             ... on level 4 of the Dungeon.
             The game lasted 00:04:55 (2908 turns).

hikkokomori the Sneak (Spriggan Air Elementalist)   Turns: 2908, Time: 00:04:55

Health: -4/25      AC: -2    Str:  4    XL:     5   Next: 55%
Magic:  0/11       EV: 18    Int: 16    God:
Gold:   38         SH:  0    Dex: 18    Spells: 6/10 levels left

rFire   . . .      SeeInvis +    t - +2 dagger (elec)
rCold   . . .      Faith    .    (no shield)
rNeg    . . .      Spirit   .    a - +0 robe
rPois   .          Reflect  .    (helmet restricted)
rElec   .          Harm     .    (no cloak)
rCorr   .          Rampage  .    (gloves unavailable)
Will    .....                    (boots unavailable)
Stlth   +++                      (no amulet)
HPRegen 0.24/turn                (no ring)
MPRegen 0.12/turn                (no ring)

@: corroded, very slightly contaminated, very quick
A: very small, no large weapons, unfitting armour, see invisible, speed 3
a: no special abilities


You were on level 4 of the Dungeon.
You visited 1 branch of the dungeon, and saw 4 of its levels.

You collected 108 gold pieces.
You spent 70 gold pieces at shops.

Inventory:

Hand Weapons
 c - a +0 dagger
 r - a +2 dagger of speed
 t - a +2 dagger of electrocution (weapon)
Armour
 a - a +0 robe (worn)
 o - a +0 buckler
Jewellery
 f - an amulet of guardian spirit
 h - an amulet of faith
 q - a ring of resist corrosion
Wands
 x - a wand of roots (7)
Scrolls
 e - 2 scrolls of amnesia {unknown}
 i - 2 scrolls of teleportation
 j - 2 scrolls of brand weapon {unknown}
 k - a scroll of enchant armour {unknown}
 l - a scroll of blinking {unknown}
 p - a scroll of silence {unknown}
 u - a scroll of fear {unknown}
 w - a scroll of magic mapping
Potions
 b - 2 potions of magic
 d - 3 potions of curing
 m - a potion of degeneration
 n - 2 potions of haste
 s - a potion of ambrosia
 v - a potion of resistance


   Skills:
 + Level 1.1 Fighting
 - Level 3.4 Dodging
 + Level 4.9 Stealth
 - Level 3.3 Spellcasting
 + Level 1.8 Conjurations
 + Level 3.5 Air Magic
 + Level 1.4 Poison Magic


You had 6 spell levels left.
You knew the following spells:

 Your Spells              Type           Power      Damage    Failure   Level
a - Shock                 Conj/Air       44%        1d5       6%          1
b - Mephitic Cloud        Conj/Pois/Air  9%         N/A       22%         3

Your spell library contained the following spells:

 Spells                   Type           Power      Damage    Failure   Level
 Magic Dart               Conj           32%        1d4       9%          1
 Static Discharge         Conj/Air       22%        2-3/arc   9%          2
 Swiftness                Air            13%        N/A       13%         3
 Call Imp                 Summ           2%         N/A       26%         2
 Ensorcelled Hibernation  Hex/Ice        4%         N/A       26%         2
 Passwall                 Tmut/Erth      1%         N/A       26%         2
 Scorch                   Fire           4%         2d5       26%         2
 Sublimation of Blood     Necr           2%         N/A       26%         2
 Wereblood                Tmut           2%         N/A       26%         2
 Airstrike                Air            6%         2d(1-17)  38%         4
 Flame Wave               Conj/Fire      5%         2d5       77%         4
 Summon Cactus Giant      Summ           1%         N/A       100%        6
 Summon Hydra             Summ           1%         N/A       100%        7


Dungeon Overview and Level Annotations

Branches:
Dungeon (4/15)
 Temple: D:4-7

Altars:
Makhleb
Nemelex Xobeh
Zin

Shops:
D:1 !   D:4 *!


Innate Abilities, Weirdness & Mutations

You are very small and have problems with some larger weapons.
You are too small for most types of armour.
You have supernaturally acute eyesight. (SInv)
You cover ground extremely quickly. (Speed+++)


Message History

An orc is nearby!
The zap hits the orc.
The orc is moderately wounded.
The orc shouts!
The zap hits the orc.
The orc is heavily wounded.
You miscast Shock.
You are very lightly contaminated with residual magic.
Nothing appears to happen.
A jelly comes into view.
The zap hits the orc.
The orc is severely wounded.
The zap hits the orc.
The orc is almost dead.
The zap hits the orc.
You kill the orc!
A worm comes into view.
The zap hits the jelly.
The jelly is lightly wounded.
You miscast Shock.
Nothing appears to happen.
The zap hits the jelly.
The jelly is moderately wounded.
The jelly hits you. The acid corrodes you!
You are splashed with acid!
The zap hits the jelly.
The jelly is severely wounded.
The jelly closely misses you.
The zap hits the jelly.
The jelly is almost dead.
The jelly closely misses you.
The zap hits the jelly.
The jelly is almost dead.
The jelly misses you.
You are out of magic!
You are out of magic!
You hit the jelly but do no damage.
Your hands burn!
The jelly is almost dead.
The jelly hits you.
* * * LOW HITPOINT WARNING * * *
You are splashed with acid!
You die...

. #. #.# ## . ##.
.#####.##.#. ...####..
..#.......#. ........#
#.#.##.####.
...##...#####.#.##.#....
...........##.#.##......
.....w..........####.###
.......$##.##.### #.##.
....>.J@......# #.##.
..(...†##...### #...
#...##### #...# ..... .##
### #...# #.#####. .. ..#
#...# #........ .. #.#
#...####........ .# #. #.#
#...............
...##.##.###...####........
#.........................


You could see a worm and a jelly.

Vanquished Creatures
  A jelly (D:4)
  An orc wizard (D:3)
  An iguana (D:4)
  An adder (D:2)
  3 gnolls
  An ufetubus (D:4)
  2 dart slugs
  2 worms
  9 orcs
  4 endoplasms
  2 giant cockroaches
  7 goblins
  4 hobgoblins
  2 jackals (D:1)
  A kobold (D:1)
  2 quokkas
  8 ball pythons
  3 bats
  A frilled lizard (D:1)
  2 rats
57 creatures vanquished.

Notes
Turn   | Place    | Note
-------+----------+-------------------------------------------
     0 | D:1      | hikkokomori the Spriggan Air Elementalist began the quest
                  | for the Orb.
     0 | D:1      | Reached XP level 1. HP: 9/9 MP: 5/5
   200 | D:1      | Reached XP level 2. HP: 13/13 MP: 2/6
   474 | D:1      | Reached skill level 1 in Conjurations
   483 | D:1      | Found Ifei's Distillery.
   979 | D:2      | Reached XP level 3. HP: 16/16 MP: 1/8
  1195 | D:2      | You fall into a shaft and drop 2 floors!
  1347 | D:3      | Found a large runed translucent door.
  1347 | D:3      | Found a large runed translucent door.
  1575 | D:3      | Learned a level 3 spell: Mephitic Cloud
  1677 | D:3      | Reached skill level 4 in Stealth
  1712 | D:3      | Reached XP level 4. HP: 21/21 MP: 3/10
  2150 | D:3      | Found a burning altar of Makhleb.
  2413 | D:3      | Found a glowing silver altar of Zin.
  2458 | D:3      | Found a sparkling altar of Nemelex Xobeh.
  2635 | D:4      | Found Ukunaek's Distillery.
  2656 | D:4      | Reached skill level 1 in Poison Magic
  2656 | D:4      | Reached XP level 5. HP: 25/25 MP: 0/11
  2805 | D:4      | Reached skill level 1 in Fighting
  2842 | D:4      | Found Wuiqis's General Store.
  2852 | D:4      | Bought a scroll of identify for 28 gold pieces
  2852 | D:4      | Bought a potion of curing for 42 gold pieces
  2908 | D:4      | Splashed by a jelly's acid

Illustrated notes

Levels and vault maps discovered:
D:1:      lightli_arrival_statuegarden, layout_rooms, serial_shops, shop
D:2:      layout_loops_ring
D:3:      layout_loops_ring, jmf_multi_god_temple2,
          mainiacjoe_overflow_boulevard
D:4:      layout_loops_cross, serial_shops, nicolae_lakefront_shop,
          nicolae_shop_behind_doors, minmay_misc_feat_hallway

Skill      XL: |  1  2  3  4  5 |
---------------+----------------+-----
Dodging        | 3 |  3.4
Conjurations   | 1 |  1.8
Spellcasting   | 3 |  3.3
Air Magic      | 3 |  3.5
Stealth        | 4 |  4.9
Poison Magic   | 1 |  1.4
Fighting       | 1 |  1.1

Action                     |  1- 3 |  4- 6 || total
---------------------------+-------+-------++-------
  Melee: Unarmed           |    19 |       ||    19
         Dagger            |    33 |    18 ||    51
   Cast: Shock             |    77 |    54 ||   131
    Use: Scroll            |     1 |     5 ||     6
   Stab: Sleeping          |     1 |     3 ||     4
         Distracted        |     1 |       ||     1
 Armour: Robe              |     2 |     3 ||     5
  Dodge: Dodged            |    49 |    26 ||    75

Table legend: (Time is in decaauts)
 A = Elapsed time spent in this place.
 B = Non-inter-level travel time spent in this place.
 C = Inter-level travel time spent in this place.
 D = Time resting spent in this place.
 E = Time spent auto-exploring this place.
 F = Levels seen in this place.
 G = Mean time per level.
                   A        B        C        D        E       F      G
               +--------+--------+--------+--------+--------+-----+--------+
         Total |   2308 |   2303 |      5 |     90 |   1846 |   4 |  577.0 |
       Dungeon |   2308 |   2303 |      5 |     90 |   1846 |   4 |  577.0 |
               +--------+--------+--------+--------+--------+-----+--------+

Top non-repeatable levels by time:
     D:3: 1020 daAuts
     D:1: 574 daAuts
     D:2: 370 daAuts
     D:4: 342 daAuts
